Beetle, chaotic male elven Priest ------- ------------------ ---..||.|---|................| --....-|.|...|...... ....| | -- |......|.|...-..- ...| !| --. --.....|.|...|..| -----..| . ----.------........-----..| |(@.|'.--|--- - |.<.............)..)...)..| |(()f@............- ---....---------............|---- |(..|......--+- | |..........| --....----..[|(((|+------..{...| |.........-- ....|.| +...|(((|.............| |........-- -.---|.| |...|...--+-.....---.-- |........| |.- --...--|-- |..-|-- .. ---...|..- |. |...)....| |..|.. -- |..----.. |. |..#.....----..|..| ---- -... |. --....{........|..| -.... -. -..|....#.....-------- | ..... . ...--.....................| ---.... .- -........------------------ ---...| ---.....-- - -- --.|.-- ----- Beetle the Adept Experience level: 7 Strength: 13 Dexterity: 13 Constitution: 12 Intelligence: 11 Wisdom: 19 Charisma: 11 Health: 0(37) Energy: 108(108) Def: 10 Gold: 0 Moves: 3588 Dungeon seed: zmwurimt0mgj6mEQ Game ID: Beetle_1615747514 Your Inventory: Weapons a - a blessed +1 mace (weapon in hand) K - 4 +0 arrows (in quiver) L - a +1 bow (alternate weapon; not wielded) T - 5 +1 arrows W - 21 poisoned +0 orcish arrows X - 6 blessed poisoned +0 orcish arrows Armor e - a blessed +2 robe (being worn) n - a +0 small shield (being worn) q - a blessed +1 pair of high boots (being worn) y - a +0 dwarvish iron helm (being worn) Y - a blessed +1 pair of jumping boots Comestibles c - a clove of garlic d - a sprig of wolfsbane l - a tripe ration Spellbooks t - a spellbook of healing Wands g - a wand of slow monster (0:5) j - a wand of lightning (0:6) G - a wand of teleportation (0:4) Tools k - a sack x - a brass lantern (0:1424) M - a towel Q - a tallow candle (0:200) Gems J - a touchstone Contents of the sack: 706 gold pieces 10 +0 silver arrows 11 +0 ya a +0 cloak of invisibility a +1 dwarvish cloak 2 food rations 4 cursed food rations a cursed lembas wafer a scroll of blank paper a scroll of enchant weapon a scroll of identify a scroll of remove curse a blessed spellbook of extra healing a blessed spellbook of force bolt a spellbook of light a spellbook of protection a potion of acid a potion of blindness a potion of confusion 4 potions of holy water a cursed potion of monster detection 2 potions of water a blessed magic marker (0:46) 8 tallow candles (0:200) a wax candle (0:400) an agate stone 2 aquamarine stones a chrysoberyl stone an obsidian stone a topaz stone 4 worthless pieces of black glass a worthless piece of blue glass a worthless piece of green glass a worthless piece of orange glass a worthless piece of red glass 5 worthless pieces of violet glass a cursed worthless piece of white glass a worthless piece of yellow glass 2 worthless pieces of yellowish brown glass Spells and supernatural/magical abilities: Name Level Category Fail Memory a - force bolt 1 attack 0% 97% h - healing 1 healing 0% 97% l - light 1 divination 0% 83% p - protection 1 clerical 0% 83% w - wizard lock 2 matter 28% 97% x - extra healing 3 healing 61% 97% W - pray for help -- divine ? -- X - turn undead -- divine ? -- Your skills at the end: Fighting Skills Weapon Skills mace [Basic] Spellcasting Skills clerical spells [Basic] Final Attributes: You were piously aligned. You were sleep resistant. You had infravision. You could teleport. You are dead. Vanquished creatures: a ghost a large mimic 2 small mimics a tengu a pony a yellow light a violet fungus 4 gnome lords a gnomish wizard a ghoul 2 kittens 6 dwarves a kobold shaman 3 hill orcs a werejackal an iguana an acid blob a coyote 2 hobgoblins 2 giant rats a green mold 15 gnomes 2 geckos 4 jackals 2 kobolds 3 goblins 8 grid bugs 2 lichens a kobold zombie 6 newts 78 creatures vanquished. Voluntary challenges: You used a wielded weapon 142 times, starting on turn 49. You read items or engraved 21 times, starting on turn 11. You never genocided any monsters. You never polymorphed an object. You never changed form. You used no wishes. You never split a pudding. You wrote Elbereth's name 1 time, starting on turn 15. You never violated your personal moral code. Dungeon overview: The Dungeons of Doom: levels 1 to 4 Level 1 a long staircase Level 2 a fountain Level 3 a general store, some fountains Level 4 a general store, some fountains stairs to The Gnomish Mines The Gnomish Mines: levels 5 to 8 Level 5 stairs to The Dungeons of Doom Level 6 Level 7 Level 8 <- You were here some shops, some fountains, some trees History has recorded: On T:1 you entered the Dungeons of Doom to retrieve the Amulet of Yendor! On T:320 you reached level 2 of The Dungeons of Doom. On T:368 you reached level 3 of The Dungeons of Doom. On T:456 you advanced to experience level 2. On T:824 you advanced to experience level 3. On T:975 you advanced to experience level 4. On T:1178 you reached level 4 of The Dungeons of Doom. On T:1228 you advanced to experience level 5. On T:1770 you reached level 1 of The Gnomish Mines. On T:1884 you advanced to experience level 6. On T:2271 you reached level 2 of The Gnomish Mines. On T:2617 you reached level 3 of The Gnomish Mines. On T:3425 you reached level 4 of The Gnomish Mines. On T:3545 you advanced to experience level 7. Score breakdown: Gold: 706 ( 9692 points) Experience: 7 levels (13645 points) Exploration: 8 levels ( 15.69%) (11224 points) Discoveries: 12 items ( 4.18%) ( 6134 points) Valuables value: (no points given unless you survive) Artifact value: 0 ( 0 points) Variety of kills: 30 monsters ( 7.87%) ( 8418 points) Turncount: 3588 turns ( -864 points) Survival: died (score multiplied by 80%) Total score: 38599 Latest messages: The straw golem hits! You hit the straw golem. The straw golem hits! (2x) You hit the straw golem! The straw golem hits! The straw golem misses. The straw golem hits! (2x) You hit the straw golem. The straw golem misses. The straw golem hits! You hit the straw golem. The straw golem hits! (2x) You hit the straw golem. The straw golem hits! (3x) The straw golem misses. Calling upon Huan Ti, you chant an arcane formula. The straw golem just misses! The straw golem hits! (4x) The straw golem misses. The straw golem hits! (3x) You die... Ymla looks at your corpse and sighs. Final status: Goodbye Beetle the Priest, killed by a straw golem, while trying to turn the monsters... You died in The Gnomish Mines on dungeon level 8 with 38599 points, and 706 pieces of gold, after 3588 moves. You were level 7 with a maximum of 37 hit points when you died.